 Dungeon Crawl Stone Soup version 0.26-a0-952-g76694b35de (webtiles) character file.

Game seed: 3143831447836618621

6882 marklar909 the Basher (level 10, -7/100 HPs)
             Began as a Troll Monk on Nov 29, 2020.
             Was a High Priest of Qazlal.
             Mangled by an orc warlord
             ... wielding a +4 vorpal battleaxe
              (46 damage)
             ... on level 9 of the Dungeon.
             The game lasted 00:13:43 (6588 turns).

marklar909 the Basher (Troll Monk)                  Turns: 6588, Time: 00:13:43

Health: -7/100     AC: 17    Str: 21    XL:     10   Next: 79%
Magic:  7/12       EV: 14    Int:  6    God:    Qazlal [*****.]
Gold:   362        SH:  6    Dex: 15    Spells: 9/9 levels left

rFire    + . .     SeeInvis .   o - +2 morningstar (protect)
rCold    . . .     Faith    .   (no shield)
rNeg     + . .     Spirit   .   b - +1 robe
rPois    .         Reflect  .   (helmet restricted)
rElec    .         Harm     .   t - +2 cloak
rCorr    .         Rampage  .   (gloves unavailable)
MR       .....                  (boots unavailable)
Stlth    +.........             (no amulet)
HPRegen  0.66/turn              y - ring of positive energy
MPRegen  0.13/turn              B - ring of protection from fire

@: protection aura, repel missiles
A: large, unfitting armour, claws 3, regeneration 1, shaggy fur 1, tough skin 3
a: Upheaval, Elemental Force, Disaster Area, Renounce Religion


You were on level 9 of the Dungeon.
You worshipped Qazlal.
Qazlal was extremely pleased with you.
You visited 1 branch of the dungeon, and saw 9 of its levels.
You also visited: Ossuary.

You collected 446 gold pieces.
You spent 84 gold pieces at shops.

Inventory:

Hand Weapons
 o - a +2 morningstar of protection (weapon)
 A - a +0 giant spiked club
Missiles
 a - 8 javelins
Armour
 b - a +1 robe (worn)
 t - a +2 cloak (worn)
Jewellery
 x - a +6 ring of strength
 y - a ring of positive energy (left claw)
 B - a ring of protection from fire (right claw)
Wands
 k - a wand of enslavement (10)
 u - a wand of flame (4)
 C - a wand of polymorph (4)
 D - a wand of digging (7)
Scrolls
 c - 3 scrolls of enchant armour
 d - 3 scrolls of remove curse
 f - 2 scrolls of magic mapping
 g - 2 scrolls of teleportation
 h - 5 scrolls of identify
 j - 2 scrolls of enchant weapon
 l - a scroll of blinking
 r - a scroll of brand weapon {unknown}
 s - a scroll of amnesia
 E - a scroll of silence {unknown}
 F - a scroll of vulnerability {unknown}
 K - a scroll of fear {unknown}
Potions
 e - 3 potions of curing
 i - 2 potions of might
 m - a potion of berserk rage
 n - 4 potions of mutation
 p - 3 potions of brilliance
 q - 2 potions of resistance
 v - 3 potions of degeneration {unknown}
 w - 4 potions of attraction {unknown}
 z - 6 potions of heal wounds {unknown}
 G - a potion of lignification {unknown}
 H - 2 potions of cancellation {unknown}
 I - a potion of flight {unknown}
 J - 2 potions of ambrosia


   Skills:
 * Level 6.9 Fighting
 + Level 10.0 Maces & Flails
 * Level 6.8 Dodging
 + Level 1.9 Stealth
 + Level 2.9 Shields
 * Level 4.5 Invocations
 + Level 0.4 Evocations


You had 9 spell levels left.
You didn't know any spells.
Your spell library was empty.

Dungeon Overview and Level Annotations

Branches:
Dungeon (9/15)             Temple (0/1) D:7         Ossuary (visited)
   Lair: D:8-11         Orc: D:9-12

Altars:
Ashenzari
Cheibriados
Dithmenos
Fedhas
Gozag
Hepliaklqana
Qazlal
Sif Muna
Zin
The Shining One

Shops:
D:6 ?   D:8 **   D:9 **


Innate Abilities, Weirdness & Mutations

You are too large for most types of armour.
You have claws for hands.
Your natural rate of healing is unusually fast.
You are covered in fur. (AC +1)
You have extremely tough skin. (AC +3)


Message History

The orc warlord is severely wounded.
The orc knight is engulfed in freezing vapours.
You block the orc knight's attack.
The orc warlord hits you with a +4 vorpal battleaxe!
The orc warlord hits your water elemental with a +4 vorpal battleaxe!!
Your water elemental is destroyed!
Unknown command.
You hit the orc warlord but do no damage.
The orc warlord is almost dead.
You block the orc's attack. The orc barely misses you.
The orc knight is engulfed in freezing vapours.
The orc knight hits you with a +0 long sword!!
The orc hits you but does no damage.
Unknown command.
You puncture the orc!
You kill the orc!
Qazlal accepts your kill.
You feel less protected from physical attacks.
The orc warlord hits you with a +4 vorpal battleaxe!!!
You die...

...........).................#...
...........).................#...
.................................
.................................
...######+####################...
##.# .............##.... #... #.#
.......○○.......... .#... #.#
...>....§°o○..#### ..#... ##.#
......(°)@o.)#...# ...#... ...#
###....##oo...(..#....#...
..########.... #○)###....##...
..#.....##........⌠.##'##.⌠#
..#.....##.......#...(o....#
..#.....##....##.##.......#####
..#.....##.... ...........#...#
..'.....##....+...+..._o..'...#
..#).#### .......o...#...#


You could see an orc warlord (strong), an orc knight (strong) and 2 orcs.

Vanquished Creatures
  2 two-headed ogres
  Maurice (D:8)
  A komodo dragon (D:8)
  Sigmund (D:4)
  4 wargs (D:9)
  A water moccasin (D:9)
  5 orc warriors
  4 phantoms
  3 sky beasts
  A black bear (D:9)
  An ice beast (D:6)
  A necrophage (D:9)
  4 ogres
  A centaur (D:7)
  A big kobold (D:8)
  6 bullfrogs
  3 scorpions
  4 killer bees (D:9)
  4 wights (D:7)
  A quasit (D:6)
  5 orc wizards
  5 orc priests
  3 hounds
  A bullfrog skeleton (D:6)
  Ijyb (D:4)
  Natasha (thrice) (D:4)
  8 iguanas
  6 worker ants
  2 hound skeletons
  13 mummies (Ossuary)
  A worker ant zombie (D:5)
  5 gnolls
  15 adders
  3 shadow imps
  A white imp (D:7)
  3 ufetubi
  4 oozes
  An adder zombie (D:9)
  A worm (D:5)
  7 dart slugs
  6 leopard geckos
  28 orcs
  6 bats
  2 giant cockroaches (D:5)
  2 goblins
  7 hobgoblins
  14 jackals
  4 quokkas
  9 frilled lizards
  2 gnoll skeletons (Ossuary)
  2 jackal skeletons
  A jackal zombie (D:6)
  8 kobolds
  3 kobold skeletons (Ossuary)
  3 orc skeletons (Ossuary)
  A quokka skeleton (D:9)
  4 rats
  11 rat skeletons (Ossuary)
250 creatures vanquished.

Vanquished Creatures (collateral kills)
  A warg (D:9)
  An orc priest (D:7)
  2 orcs (D:9)
4 creatures vanquished.

Vanquished Creatures (others)
  9 plants
9 creatures vanquished.

Grand Total: 263 creatures vanquished

Notes
Turn   | Place    | Note
-------+----------+-------------------------------------------
     0 | D:1      | marklar909 the Troll Monk began the quest for the Orb.
     0 | D:1      | Reached XP level 1. HP: 22/22 MP: 0/0
    29 | D:1      | Reached XP level 2. HP: 24/29 MP: 1/1
   144 | D:1      | Reached skill level 3 in Maces & Flails
   170 | D:1      | Reached XP level 3. HP: 30/36 MP: 2/2
   182 | D:1      | You fall into a shaft and drop 1 floor!
   598 | D:2      | Reached XP level 4. HP: 28/44 MP: 3/3
   915 | D:3      | Reached XP level 5. HP: 41/53 MP: 4/4
   939 | D:3      | Noticed a phantom
  1185 | D:1      | Reached skill level 4 in Maces & Flails
  1418 | D:3      | Found a stormy altar of Qazlal.
  1491 | D:3      | Became a worshipper of Qazlal Stormbringer
  1491 | D:3      | Reached * piety under Qazlal
  1491 | D:3      | Reached ** piety under Qazlal
  1554 | D:3      | Killed a phantom
  1555 | D:3      | Reached XP level 6. HP: 49/61 MP: 5/5
  1752 | D:3      | Found a shimmering blue altar of Sif Muna.
  1753 | D:3      | Found a glowing silver altar of Zin.
  1753 | D:3      | Found a glowing golden altar of the Shining One.
  1923 | D:4      | Noticed Sigmund
  1992 | D:4      | Killed Sigmund
  1993 | D:4      | Reached skill level 5 in Maces & Flails
  2016 | D:4      | Noticed Natasha
  2021 | D:4      | Killed Natasha
  2026 | D:4      | Reached XP level 7. HP: 61/67 MP: 6/6
  2120 | D:4      | Noticed Natasha
  2129 | D:4      | Killed Natasha
  2138 | D:4      | Noticed Natasha
  2143 | D:4      | Killed Natasha
  2233 | D:4      | Noticed Ijyb
  2248 | D:4      | Killed Ijyb
  2249 | D:4      | Reached skill level 1 in Shields
  2339 | D:4      | Found a snail-covered altar of Cheibriados.
  2352 | D:4      | Reached *** piety under Qazlal
  2387 | D:4      | Reached skill level 1 in Invocations
  2672 | D:5      | Entered Level 5 of the Dungeon
  2791 | D:5      | Reached skill level 6 in Maces & Flails
  2997 | D:5      | Reached XP level 8. HP: 78/78 MP: 7/7
  3569 | D:6      | Reached skill level 5 in Dodging
  3665 | D:6      | Found a shadowy altar of Dithmenos.
  3690 | D:6      | Reached skill level 5 in Fighting
  3823 | D:6      | Found Louz's Magic Scroll Emporium.
  3826 | D:6      | Bought a scroll of teleportation for 33 gold pieces
  3826 | D:6      | Bought a scroll of identify for 22 gold pieces
  3948 | D:6      | Found a hazy altar of Hepliaklqana.
  4114 | D:7      | Found a blossoming altar of Fedhas.
  4200 | D:7      | Reached XP level 9. HP: 88/88 MP: 9/9
  4231 | D:7      | Reached skill level 7 in Maces & Flails
  4233 | D:7      | Reached **** piety under Qazlal
  4787 | D:7      | Found a staircase to the Ecumenical Temple.
  4848 | D:8      | Found Nytuod's Mayhem Merchandise.
  4910 | D:8      | Reached skill level 8 in Maces & Flails
  5009 | D:8      | Found Siymuc's Assorted Antiques.
  5017 | D:8      | Noticed Maurice
  5027 | D:8      | Killed Maurice
  5234 | D:8      | Found a sand-covered staircase.
  5247 | Ossuary  | Entered an ossuary
  5332 | Ossuary  | Reached ***** piety under Qazlal
  5614 | D:8      | Noticed a two-headed ogre
  5624 | D:8      | Killed a two-headed ogre
  5625 | D:8      | Reached XP level 10. HP: 39/98 MP: 11/11
  5899 | D:8      | Upgraded the game from 0.26-a0-949-ga0cc1ef5f6 to
                  | 0.26-a0-952-g76694b35de
  5936 | D:8      | Reached skill level 9 in Maces & Flails
  6003 | D:9      | Noticed a two-headed ogre
  6016 | D:9      | Killed a two-headed ogre
  6083 | D:9      | Found Pulis's Assorted Antiques.
  6090 | D:9      | Bought a scroll labelled VEV OFUTUNA for 29 gold pieces
  6406 | D:9      | Found an opulent altar of Gozag.
  6410 | D:9      | Found Gozag's Platinum Reserve.
  6522 | D:9      | Noticed an orc warlord
  6523 | D:9      | Noticed an orc knight
  6550 | D:9      | Found a broken altar of Ashenzari.
  6562 | D:9      | Reached skill level 10 in Maces & Flails
  6588 | D:9      | Mangled by an orc warlord

Illustrated notes

Levels and vault maps discovered:
D:1:      lightli_arrival_noodles, layout_rooms
D:2:      layout_basic, corexii_corridor_pit
D:3:      layout_basic, nicolae_qazlal_eye_of_the_storm,
          chequers_temple_overflow_statue_of_worship, hangedman_decor_growths
D:4:      layout_loops_ring, kennysheep_slug_shrine, uniq_natasha, uniq_ijyb,
          uniq_sigmund
D:5:      layout_loops_cross
D:6:      layout_cave_pools, overflow_temple_1_default,
          nicolae_dithmenos_shadow_blocks, serial_shops,
          nicolae_shop_behind_doors
D:7:      layout_cave_pools, fedhas_altar_3, minmay_temple_entry_poolview,
          grunt_ministairs_3, kennysheep_small_circle
D:8:      layout_loops_ring, nicolae_ossuary_entry_monument, serial_shops, shop,
          minmay_shop_mayhem, minmay_lizard_king, uniq_maurice
D:9:      lemuel_castle_with_subvaults [lemuel_castle_interior_carwin_2],
          layout_stronghold, evilmike_ruin_ashenzari, serial_shops,
          nicolae_shop_statue_plus, nicolae_gozag_zags_fifth_avenue

Skill      XL: |  1  2  3  4  5  6  7  8  9 10 |
---------------+-------------------------------+-----
Maces & Flails | 3 4 5 6 8 10 | 10.0
Dodging        | 3 4 5 6 |  6.8
Fighting       | 3 4 5 6 |  6.9
Shields        | 1 2 |  2.9
Invocations    | 1 2 3 4 |  4.5
Stealth        | |  1.9
Evocations     | |  0.4

Action                   |  1- 3 |  4- 6 |  7- 9 | 10-12 || total
-------------------------+-------+-------+-------+-------++-------
Melee: Mace              |    84 |   139 |       |       ||   223
       Morningstar       |       |    57 |   452 |   127 ||   636
Invok: Upheaval          |       |       |     2 |       ||     2
       Elemental Force   |       |       |     1 |     1 ||     2
Evoke: Wand              |       |       |     8 |       ||     8
  Use: Scroll            |     1 |       |    12 |     3 ||    16
       Potion            |       |     2 |       |       ||     2
 Stab: Sleeping          |     1 |       |       |       ||     1
Armor: Robe              |    48 |    63 |   173 |    49 ||   333
Dodge: Dodged            |    65 |   134 |   262 |    88 ||   549
       Repelled          |       |       |       |     1 ||     1
Block: Other             |       |    13 |    91 |    33 ||   137

Table legend: (Time is in decaauts)
 A = Elapsed time spent in this place.
 B = Non-inter-level travel time spent in this place.
 C = Inter-level travel time spent in this place.
 D = Time resting spent in this place.
 E = Time spent auto-exploring this place.
 F = Levels seen in this place.
 G = Mean time per level.
                   A        B        C        D        E       F      G
               +--------+--------+--------+--------+--------+-----+--------+
         Total |   6752 |   6477 |    275 |    141 |   4510 |  10 |  675.2 |
       Dungeon |   6455 |   6180 |    275 |    141 |   4330 |   9 |  717.2 |
       Ossuary |    296 |    296 |      0 |      0 |    180 |   1 |  296.0 |
               +--------+--------+--------+--------+--------+-----+--------+

Top non-repeatable levels by time:
     D:3: 969 daAuts
     D:8: 872 daAuts
     D:5: 866 daAuts
     D:4: 794 daAuts
     D:7: 742 daAuts
     D:6: 610 daAuts
     D:9: 589 daAuts
     D:2: 523 daAuts
     D:1: 487 daAuts
 Ossuary: 296 daAuts
